 Dungeon Crawl Stone Soup version 0.29.1-13-g9f3cf754e1 (webtiles) character file.

Game seed: 4490831850840567039

101 pilgrim the Gusty (level 4, -2/26 HPs)
             Began as a Tengu Air Elementalist on Feb 10, 2023.
             Blown up by Ijyb (11 damage)
             ... with a mindburst bolt
             ... on level 3 of the Dungeon.
             The game lasted 00:05:10 (2906 turns).

pilgrim the Gusty (Tengu Air Elementalist)          Turns: 2906, Time: 00:05:11

Health: -2/26      AC:  2    Str:  8    XL:     4   Next: 75%
Magic:  7/9        EV: 13    Int: 15    God:
Gold:   85         SH:  0    Dex: 17    Spells: 7/8 levels left

rFire   . . .      SeeInvis .   c - +0 whip
rCold   . . .      Faith    .   (no shield)
rNeg    . . .      Spirit   .   a - +0 robe
rPois   .          Reflect  .   (helmet restricted)
rElec   .          Harm     .   (no cloak)
rCorr   .          Rampage  .   (no gloves)
Will    .....                   (boots unavailable)
Stlth   ++........              (no amulet)
HPRegen 0.08/turn               (no ring)
MPRegen 0.11/turn               (no ring)

@: no status effects
A: beak, talons 3
a: no special abilities


You were on level 3 of the Dungeon.
You visited 1 branch of the dungeon, and saw 3 of its levels.

You collected 85 gold pieces.

Inventory:

Hand Weapons
 c - a +0 whip (weapon)
Armour
 a - a +0 robe (worn)
Jewellery
 k - a ring of ice
Scrolls
 g - a scroll of magic mapping
 n - a scroll of blinking {unknown}
Potions
 b - a potion of magic
 d - a potion of lignification
 e - a potion of cancellation
 f - a potion of attraction {unknown}
 h - a potion of haste {unknown}
 i - a potion of flight {unknown}
 j - 3 potions of might
 l - a potion of curing {unknown}
 m - a potion of mutation {unknown}


   Skills:
 + Level 1.7 Fighting
 + Level 3.3 Dodging
 - Level 2.0 Stealth
 + Level 2.8 Spellcasting
 + Level 3.0 Conjurations
 - Level 4.0 Air Magic


You had 7 spell levels left.
You knew the following spells:

 Your Spells              Type           Power      Damage    Failure   Level
a - Shock                 Conj/Air       48%        1d6       4%          1

Your spell library contained the following spells:

 Spells                   Type           Power      Damage    Failure   Level
 Static Discharge         Conj/Air       12%        3-5/arc   8%          2
 Swiftness                Air            14%        N/A       12%         3
 Dazzling Flash           Conj/Hex       12%        N/A       32%         3
 Airstrike                Air            7%         2d(1-17)  36%         4
 Frozen Ramparts          Ice            4%         1d1       52%         3
 Sticky Flame             Conj/Fire      6%         2d3       73%         4
 Dispel Undead            Necr           2%         3d7       90%         4
 Ice Form                 Ice/Tmut       2%         N/A       90%         4
 Summon Ice Beast         Ice/Summ       2%         N/A       90%         4
 Silence                  Hex/Air        4%         N/A       94%         5
 Agony                    Necr           2%         N/A       99%         5


Dungeon Overview and Level Annotations

Branches:
Dungeon (3/15)

Altars:

Shops:
D:2 [

Annotations:
D:3 Ijyb


Innate Abilities, Weirdness & Mutations

You have a beak for a mouth.
You have claws for feet.


Message History

The rat is heavily wounded.
The zap misses the rat.
Things that are here:
a +0 short sword; a kobold corpse
There is a stone staircase leading up here.
You start resting.
Magic restored.
Things that are here:
a +0 club; a +2 sling of freezing
n - a scroll labelled GASKISHR VOAN Ijyb the Twisted Goblin comes into view.
She is wielding a +0 dagger and carrying a wand of mindburst (15).
The zap hits Ijyb but does no damage.
Ijyb zaps a wand.
Your mind is blasted!
You miscast Shock.
You are very lightly contaminated with residual magic.
Nothing appears to happen.
The zap hits Ijyb.
Ijyb is lightly wounded.
Your magical contamination has completely faded away.
You start resting.
Ijyb is nearby!
The zap hits Ijyb.
Ijyb is moderately wounded.
Ijyb drinks a potion.
Ijyb suddenly seems more resistant.
The zap hits Ijyb.
Ijyb completely resists.
Ijyb is moderately wounded.
Ijyb zaps a wand.
Your mind is blasted!
Ouch! That really hurt!
Found a scroll labelled PEDDYW SOOLISI.
Found 3 gold pieces.
There is a broken door here.
Found a leather armour.
You see here a scroll labelled PEDDYW SOOLISI.
Found a scroll of fog.
Ijyb zaps a wand.
Your mind is blasted!
You die...

...###..# ##
#♣### ##.# #.
##########.#####.
................
...............
##.#######.####.
##?#.## ##.# #.
#[.#..##+##..# #.
#@##....#....# #.
#.?##.#...#.## #.
#...'.##.##.+ #.
#$.##g.#.#..# #.
#.##..##g##.. #.
#.###..##.#.##.
#.
#.........#.....
..
#.######..#..###
##. +#...#+ .


You could see Ijyb (resistant).

Vanquished Creatures
  4 adders (D:2)
  3 worms
  A dart slug (D:2)
  An orc (D:3)
  2 endoplasms
  4 giant cockroaches
  4 goblins
  4 hobgoblins
  3 jackals (D:1)
  4 quokkas
  4 ball pythons
  7 bats
  2 frilled lizards
  5 kobolds
  4 rats
52 creatures vanquished.

Vanquished Creatures (others)
  2 plants (D:3)
2 creatures vanquished.

Grand Total: 54 creatures vanquished

Notes
Turn   | Place    | Note
-------+----------+-------------------------------------------
     0 | D:1      | pilgrim the Tengu Air Elementalist began the quest for the
                  | Orb.
     0 | D:1      | Reached XP level 1. HP: 10/10 MP: 4/4
   118 | D:1      | Found a faded altar of an unknown god.
   236 | D:1      | Reached XP level 2. HP: 16/16 MP: 3/6
   982 | D:1      | Reached skill level 1 in Fighting
   982 | D:1      | Reached XP level 3. HP: 20/20 MP: 1/7
  1886 | D:2      | Found Lattiw's Antique Armour Emporium.
  1989 | D:2      | Reached XP level 4. HP: 24/25 MP: 2/9
  2878 | D:3      | Noticed Ijyb
  2906 | D:3      | Blown up by Ijyb

Illustrated notes

Levels and vault maps discovered:
D:1:      dpeg_arrival_rhombus, layout_basic,
          shapermc_ecumenical_altar_starsandcircs, hangedman_glass_teeth,
          minmay_misc_feat_rugged, minmay_misc_feat_secret_circle,
          minmay_unequal
D:2:      layout_basic, serial_shops, shop
D:3:      layout_basic, mainiacjoe_overflow_alcove_4, serial_forest,
          infiniplex_forest_clump_cross, infiniplex_forest_lined_3,
          infiniplex_forest_lined_room_3, infiniplex_forest_corner_2,
          infiniplex_forest_clump_small, minmay_pentangle, uniq_ijyb

Skill      XL: |  1  2  3  4 |
---------------+-------------+-----
Conjurations   | 2 3 |  3.0
Fighting       | 1 |  1.7
Dodging        | 3 |  3.3
Stealth        | |  2.0
Spellcasting   | |  2.8
Air Magic      | |  4.0

Action                   |  1- 3 |  4- 6 || total
-------------------------+-------+-------++-------
Melee: Unarmed           |     1 |       ||     1
       Whip              |    18 |    10 ||    28
       Kick              |     8 |     1 ||     9
       Peck              |     1 |     3 ||     4
 Cast: Shock             |    79 |    37 ||   116
  Use: Scroll            |     5 |     3 ||     8
 Stab: Sleeping          |     1 |       ||     1
Armor: Robe              |     8 |     1 ||     9
Dodge: Dodged            |    26 |    10 ||    36
